 Dungeon Crawl Stone Soup version bcrawl-1.21.3-2-g9d8a61a446 (webtiles) character file.

Game seed: 12798730164035167125

6762 funkygono the Thaumaturge (level 11, -4/63 HPs)
             Began as a Fairy Conjurer on Apr 24, 2020.
             Was a Believer of Vehumet.
             Killed from afar by an ogre mage (33 damage)
             ... with a bolt of lightning
             ... while paralysed by an ogre mage
             ... on level 9 of the Dungeon on Apr 25, 2020.
             The game lasted 00:27:32 (8994 turns).

funkygono the Thaumaturge (Fairy Conjurer)          Turns: 8994, Time: 00:27:32

Health: -4/63      AC: 15    Str:  6    XL:     11   Next: 4%
Magic:  21/29      EV:  3    Int: 23    God:    Vehumet [**....]
Gold:   749        SH:  0    Dex: 12    Spells: 17/35 levels left

rFire    . . .     SeeInvis .   G - +1 short sword (speed)
rCold    . . .     Gourm    .   I - +0 buckler (curse)
rNeg     + . .     Faith    .   (armour unavailable)
rPois    .         Spirit   .   (no helmet)
rElec    .         Reflect  .   (no cloak)
rCorr    .         Harm     .   j - +2 pair of gloves
MR       +....                  y - +2 pair of boots
Stlth    +.........             (no amulet)
HPRegen  0.20/turn              i - +3 ring of protection
MPRegen  0.21/turn              v - ring of positive energy

@: paralysed, flying evasively, slowed
A: small, magic attunement, unstealthy, unfitting armour, able to fly, AC/SH +6
a: Stop Flying, Renounce Religion


You were on level 9 of the Dungeon.
You worshipped Vehumet.
Vehumet was pleased with you.
You were not hungry.

You visited 2 branches of the dungeon, and saw 10 of its levels.
You also visited: Ossuary.

You collected 749 gold pieces.

Inventory:

Hand Weapons
 s - a +1 dagger of venom
 G - a +1 short sword of speed (weapon)
 M - a +0 quarterstaff
 N - a +6 quarterstaff of speed
Missiles
 f - 2358 stones (quivered)
 m - a throwing net {!f}
Armour
 j - a +2 pair of gloves (worn)
 y - a +2 pair of boots (worn)
 I - a cursed +0 buckler (worn)
Jewellery
 i - a +3 ring of protection (left hand)
 l - a +2 ring of strength
 v - a ring of positive energy (right hand)
 z - an uncursed amulet of guardian spirit
Wands
 w - a wand of flame (14)
 B - a wand of clouds (5)
 D - a wand of iceblast (20)
 F - a wand of disintegration (16)
 K - a wand of random effects (15)
 L - a wand of scattershot (5)
Scrolls
 n - 5 scrolls of remove curse
 p - 3 scrolls of teleportation
 x - a scroll of blinking
 A - a scroll of amnesia
 E - 2 scrolls of magic mapping
 J - 2 scrolls of identify
Potions
 a - 3 potions of curing
 b - 2 potions of magic
 c - a potion of ambrosia
 d - a potion of cancellation
 g - 11 potions of heal wounds
 h - 4 potions of resistance
 k - 3 potions of haste
 o - a potion of berserk rage
 q - 2 potions of agility
 r - 2 potions of lignification
 t - a potion of might
 u - 3 potions of flight
 C - a potion of mutation
 H - a potion of invisibility
Comestibles
 e - 13 rations {!d}
 O - 6 chunks of flesh


   Skills:
 + Level 1.1 Fighting
 + Level 5.4 Dodging
 + Level 3.9 Stealth
 + Level 3.6 Shields
 + Level 12.7 Spellcasting
 + Level 12.4 Conjurations
 + Level 2.0 Hexes
 + Level 2.9 Air Magic
 + Level 0.1 Poison Magic


You had 17 spell levels left.
You knew the following spells:

 Your Spells              Type           Power        Failure   Level  Hunger
a - Magic Dart            Conj           ####         1%          1    None
b - Searing Ray           Conj           ######..     1%          2    None
c - Iskenderun's Mystic   Conj           ######..     1%          3    None
d - Fulminant Prism       Conj/Hex       #####.....   1%          4    None
e - Shock                 Conj/Air       #####        1%          1    None
f - Lightning Bolt        Conj/Air       ######....   1%          5    None
g - Sting                 Conj/Pois      ####         1%          1    None
h - Sandblast             Erth           ##....       1%          1    None

Your spell library contained the following spells:

 Spells                   Type           Power        Failure   Level  Hunger
 Irradiate                Conj/Tmut      #####.....   3%          5    None
 Swiftness                Chrm/Air       ###.....     4%          2    None
 Static Discharge         Air            ####....     4%          3    None
 Airstrike                Air            ####......   4%          4    None


Dungeon Overview and Level Annotations

Branches:
Dungeon (9/12)             Temple (1/1) D:6
   Lair: D:7-9          Orc: D:8-11

Altars:
Ashenzari
Cheibriados
Dithmenos
Elyvilon
Fedhas
Gozag
Hepliaklqana
Kikubaaqudgha
Lugonu
Makhleb
Nemelex Xobeh
Okawaru
Qazlal
Ru
Sif Muna
Trog
Uskayaw
Vehumet
Wu Jian
Xom
Yredelemnul
Zin
The Shining One

Shops:
D:4 !*   D:5 (   D:6 ([*!   D:8 (


Innate Abilities, Weirdness & Mutations

Your spells do not cause hunger and MP costs are reduced by 1.
Your bright wings attract enemies. (Stealth-)
You cannot fit into any form of body armour.
Your shimmering scales are hard and can block incoming attacks. (AC +6, SH +6)
You are small and have problems with some larger weapons.
You can fly continuously.


Message History

Confirm with . or Enter, or press ? or * to list all spells.
Aiming: Sting (safe; 1% risk of failure)
Press: ? - help, Shift-Dir - straight line, f/p - ogre mage
Aim: an ogre mage, wielding a +0 whip and wearing a +0 robe (lightly wounded)
The sting hits the ogre mage!
The ogre mage is poisoned.
The ogre mage is moderately wounded.
The ogre mage points at you and mumbles some strange words.
You resist with some effort.
The ogre mage gestures wildly while chanting.
The ogre mage seems to speed up.
A killer bee comes into view.
The ogre mage gestures at you while chanting.
You suddenly lose the ability to move!
The killer bee buzzes angrily.
The ogre mage casts a spell at you. The bolt of lightning hits you!!
Ouch! That really hurt!
The bolt of lightning hits you!!
Ouch! That really hurt!
You die...

.#..##########
#......÷yO.@.#
.....#######.#
... #.# . #.#
#.#
###########.#
.........##>#
.#######.##.#
#.#..........##


You could see an ogre mage and a killer bee.

Vanquished Creatures
  A death yak (D:8)
  Erica (D:8)
  Maurice (D:8)
  A kobold demonologist (D:8)
  A queen bee (D:9)
  A polar bear (D:8)
  Prince Ribbit (D:5)
  A wraith (Ossuary)
  A yak (D:8)
  Eustachio (D:4)
  Menkaure (D:5)
  A crocodile (D:9)
  2 orc warriors
  3 ice beasts
  2 sky beasts (D:8)
  An eye of draining (D:8)
  3 ogres
  A centaur (D:8)
  3 bullfrogs
  A big kobold (D:6)
  A wyvern zombie (D:7)
  A wyvern skeleton (D:6)
  3 scorpions
  18 killer bees
  2 electric eels (D:8)
  A bullfrog zombie (D:5)
  4 hounds
  2 jellies
  8 orc priests
  A centaur skeleton (D:4)
  10 orc wizards
  3 iguanas
  6 worker ants
  A killer bee zombie (D:9)
  A bullfrog simulacrum (D:8)
  A hound zombie (D:6)
  A howler monkey zombie (D:8)
  3 mummies (Ossuary)
  7 gnolls
  4 adders
  5 shadow imps
  A howler monkey simulacrum (D:8)
  3 white imps (D:8)
  A worker ant simulacrum (D:8)
  An ufetubus (D:8)
  An ooze (D:5)
  An adder zombie (D:5)
  2 worms
  3 dart slugs
  An adder simulacrum (D:8)
  6 leopard geckos
  36 orcs
  2 giant cockroaches (D:1)
  10 goblins
  7 hobgoblins
  10 jackals
  13 kobolds
  3 quokkas
  2 frilled lizards
  2 gnoll zombies
  2 goblin zombies (Ossuary)
  7 hobgoblin zombies (Ossuary)
  2 kobold zombies
  3 rats (D:1)
230 creatures vanquished.

Vanquished Creatures (others)
  16 fulminant prisms
16 creatures vanquished.

Grand Total: 246 creatures vanquished

Notes
Turn   | Place    | Note
-------+----------+-------------------------------------------
     0 | D:1      | funkygono the Fairy Conjurer began the quest for the Orb.
     0 | D:1      | Reached XP level 1. HP: 11/11 MP: 6/6
    30 | D:1      | Reached skill level 5 in Conjurations
   171 | D:1      | Reached XP level 2. HP: 17/17 MP: 7/7
   717 | D:2      | Reached XP level 3. HP: 21/21 MP: 9/9
   725 | D:2      | Learned a level 2 spell: Searing Ray
   729 | D:2      | Learned a level 3 spell: Iskenderun's Mystic Blast
   844 | D:2      | Found a glowing golden altar of the Shining One.
  1563 | D:3      | Reached XP level 4. HP: 27/27 MP: 7/10
  1849 | D:3      | Found a shadowy altar of Dithmenos.
  2215 | D:3      | Noticed an orc warrior
  2222 | D:3      | Killed an orc warrior
  2222 | D:3      | Reached XP level 5. HP: 26/31 MP: 6/13
  2321 | D:3      | Learned a level 4 spell: Fulminant Prism
  2578 | D:4      | Found a transporter.
  2594 | D:4      | Found a transporter.
  2608 | D:4      | Found a sand-covered staircase.
  2650 | Ossuary  | Entered an ossuary
  2650 | Ossuary  | Noticed a wraith
  2650 | Ossuary  | Noticed a wraith
  2650 | Ossuary  | Noticed a wraith
  2755 | Ossuary  | Reached XP level 6. HP: 36/36 MP: 10/14
  3060 | Ossuary  | Noticed a wraith
  3066 | Ossuary  | Killed a wraith
  3066 | Ossuary  | Reached skill level 5 in Spellcasting
  3189 | D:4      | Found Mett's Distillery.
  3208 | D:4      | Noticed Eustachio
  3225 | D:4      | Killed Eustachio
  3225 | D:4      | Reached XP level 7. HP: 41/41 MP: 5/17
  3610 | D:4      | Found an opulent altar of Gozag.
  3611 | D:4      | Found Gozag's Platinum Reserve.
  4021 | D:4      | Reached XP level 8. HP: 46/46 MP: 18/20
  4129 | D:5      | Entered Level 5 of the Dungeon
  4406 | D:5      | Found a blossoming altar of Fedhas.
  4429 | D:5      | Found a snail-covered altar of Cheibriados.
  4818 | D:5      | Noticed Prince Ribbit
  4825 | D:5      | Killed Prince Ribbit
  4861 | D:5      | Found Gur Ciopt's Weapon Boutique.
  4902 | D:5      | Noticed Menkaure
  4918 | D:5      | Killed Menkaure
  4918 | D:5      | Reached XP level 9. HP: 51/51 MP: 8/23
  4927 | D:5      | Found a blossoming altar of Fedhas.
  5316 | D:4      | Reached skill level 10 in Conjurations
  5546 | D:6      | Found Puasoeliky's Antique Weapon Shop.
  5560 | D:6      | Found Ifeottun's Armour Shoppe.
  5590 | D:6      | Found a staircase to the Ecumenical Temple.
  5653 | Temple   | Entered the Ecumenical Temple
  6026 | D:6      | Found Xexuleet's Assorted Antiques.
  6107 | D:6      | Found Niamnet's Distillery.
  6127 | D:6      | Reached skill level 1 in Hexes
  6395 | D:6      | Reached skill level 10 in Spellcasting
  6405 | D:6      | Found a radiant altar of Vehumet.
  6458 | D:6      | Became a worshipper of Vehumet
  6597 | D:6      | Found a bloodstained altar of Trog.
  6963 | D:7      | Learned a level 1 spell: Shock
  6969 | D:7      | Learned a level 5 spell: Lightning Bolt
  7081 | D:7      | Found a radiant altar of Vehumet.
  7590 | D:8      | Noticed a death yak
  7601 | D:8      | Reached skill level 1 in Air Magic
  7613 | D:8      | Killed a death yak
  7613 | D:8      | Reached XP level 10. HP: 21/57 MP: 6/27
  7800 | D:8      | Reached skill level 5 in Dodging
  8174 | D:8      | Reached * piety under Vehumet
  8174 | D:8      | Offered knowledge of Sting by Vehumet.
  8180 | D:8      | Found Jocoz's Antique Weapon Emporium.
  8206 | D:8      | Noticed a kobold demonologist
  8214 | D:8      | Noticed an orange demon
  8221 | D:8      | Noticed Erica
  8222 | D:8      | Killed a kobold demonologist
  8247 | D:8      | Killed Erica
  8247 | D:8      | Reached skill level 1 in Fighting
  8247 | D:8      | Reached skill level 1 in Shields
  8251 | D:8      | Noticed Maurice
  8261 | D:8      | Killed Maurice
  8265 | D:8      | Learned a level 1 spell: Sting
  8905 | D:9      | Reached XP level 11. HP: 63/63 MP: 13/29
  8911 | D:9      | Offered knowledge of Sandblast by Vehumet.
  8914 | D:9      | Learned a level 1 spell: Sandblast
  8948 | D:9      | Reached ** piety under Vehumet
  8985 | D:9      | Noticed an ogre mage
  8992 | D:9      | Paralysed by an ogre mage for 4 turns
  8994 | D:9      | Killed from afar by an ogre mage

Skill      XL: |  1  2  3  4  5  6  7  8  9 10 |
---------------+-------------------------------+-----
Conjurations   | 5 6 7 8 9 11 12 | 12.4
Spellcasting   | 3 4 5 6 8 11 12 | 12.7
Dodging        | 3 4 5 |  5.4
Stealth        | 2 3 |  3.9
Hexes          | 1 2 |  2.0
Air Magic      | 2 |  2.9
Fighting       | 1 |  1.1
Shields        | 3 |  3.6
Poison Magic   | |  0.1

Action                   |  1- 3 |  4- 6 |  7- 9 | 10-12 || total
-------------------------+-------+-------+-------+-------++-------
Melee: Dagger            |       |     1 |     2 |       ||     3
 Cast: Magic Dart        |    72 |    39 |   178 |    78 ||   367
       Searing Ray       |     5 |    12 |    42 |    18 ||    77
       Iskenderun's Myst |       |     3 |    12 |       ||    15
       Fulminant Prism   |       |       |    11 |     5 ||    16
       Shock             |       |       |    16 |    10 ||    26
       Sting             |       |       |       |     9 ||     9
       Lightning Bolt    |       |       |       |     2 ||     2
  Use: Scroll            |    10 |     5 |    12 |     1 ||    28
       Potion            |       |       |     2 |     1 ||     3
  Eat: Chunk             |     2 |     3 |    11 |     1 ||    17
       Ration            |       |     1 |       |     1 ||     2
Armor: Skin              |     1 |     3 |    18 |     7 ||    29
Dodge: Dodged            |    13 |     9 |    60 |    42 ||   124
Block: Other             |     3 |     6 |    16 |     1 ||    26
       Buckler           |       |       |       |    30 ||    30
